[Event "*** Titled Tuesday Blitz"]
[Site "Chess.com"]
[Date "2019.09.03"]
[Round "3"]
[White "Andrei_Belozerov"]
[Black "ahkashefi2800"]
[Result "1-0"]
[WhiteElo "2521"]
[BlackElo "2088"]
[TimeControl "180+2"]
[EndTime "15:40:23 PDT"]
[Termination "Andrei_Belozerov won by resignation"]

1. e4 c6 2. d4 d5 3. Nd2 dxe4 4. Nxe4 Nd7 5. Ng5 Ngf6 6. Bd3 e6 7. N1f3 Bd6 8. Qe2 h6 9. Ne4 Nxe4 10. Qxe4 Qc7 11. Qg4 Kf8 12. O-O b6 13. b3 Bb7 14. Re1 Re8 15. Bb2 Nf6 16. Qh3 c5 17. Ne5 Bxe5 18. dxe5 Nd5 19. Be4 Nf4 20. Qf3 Bxe4 21. Rxe4 Ng6 22.
Rd1 Rd8 23. Ree1 Ke7 24. Rd6 Rxd6 25. exd6+ Qxd6 26. Bxg7 Rg8 27. Qf6+ Ke8 28. Bxh6 Ne7 29. g3 Qd4 30. Bg5 Qxf6 31. Bxf6 Nd5 32. Be5 Ke7 33. c4 Nb4 34. Rd1 f6 35. Bf4 e5 36. Be3 a5 37.
Rd2 Rd8 38. Rxd8 Kxd8 39. a3 Nc2 40. h4 Nxa3 41. Kg2 Nc2 42. Kf3 Ke7 43. Ke4 Kf7 44.
Kd5 Na1 45. Kc6 Nxb3 46. Kb5 e4 47. g4 Kg6 48. h5+ Kg7 49. Bf4 Nd4+ 50. Ka4 Ne2 51. Bc7 Nc3+ 52. Kb3 Nd1 53. Bxb6 Nxf2 54. Bxc5 Nxg4 55.
Bd4 Kh6 56. c5 Kxh5 57. c6 Nh6 58. c7 Nf5 59. Bc5 e3 60. c8=Q Kg5 61. Qe6 Kf4 62. Kc4 a4 63. Kd3 e2 64. Qxe2 a3 65. Bxa3 Ng3 66.
Bd6+ Kf5 67. Bxg3 Kg5 68. Qf3 1-0

[Event "*** Titled Tuesday Blitz"]
[Site "Chess.com"]
[Date "2019.09.03"]
[Round "3"]
[White "hansen"]
[Black "riconaipe"]
[Result "1-0"]
[WhiteElo "2868"]
[BlackElo "2574"]
[TimeControl "180+2"]
[EndTime "15:40:25 PDT"]
[Termination "hansen won by resignation"]

1. e4 c6 2. d4 d5 3. e5 g6 4. c3 Bg7 5. h4 f6 6. exf6 exf6 7. h5 Qe7+ 8. Be3 f5 9. Ne2 Nf6 10.
hxg6 hxg6 11. Rxh8+ Bxh8 12. Nd2 Nbd7 13. Nf4 Nf8 14. Ne2 Bd7 15. Nf3 Ng4 16. Bg5 Bf6 17. Bxf6 Qxf6 18. Qd2 O-O-O 19. Qg5 Qd6 20. Qf4 Qxf4 21.
Nxf4 Re8+ 22. Be2 b6 23. Kf1 Nf6 24. Ne5 g5 25. Nh5 Nxh5 26. Bxh5 Re7 27. Re1 Rh7 28.
Bf7 f4 29. Ke2 Kc7 30. Bg6 Rg7 31. Bc2 c5 32. Rh1 Ne6 33. Nxd7 Rxd7 34. dxc5 Nxc5 35. Rd1 Kc6 36. Kf3 Re7 37. a4 a6 38. Rh1 Ne6 39.
Rh6 Kc5 40. Bd3 a5 41. Rg6 d4 42. Bf5 dxc3 43. bxc3 Nc7 44. Rxg5 Kc4 45. Rg6 Kxc3 46.
Rxb6 Nd5 47. Rb5 Kd4 48. Rxa5 Rc7 49. Ra8 Rc3+ 50. Kg4 Ke5 51. Re8+ Kd6 52. Re6+ Kc5 53. Be4 Nb4 54. Kxf4 Ra3 55. g4 Rxa4 56. g5 Ra2 57. Kg3 Ra3+ 58. f3 Kd4 59. g6 Ra7 60.
Kf4 Na2 61. Rd6+ Kc5 62. Rd5+ Kc4 63. Rg5 Rg7 64. Ke5 Nb4 65. Kf6 Rg8 66. g7 Kd4 67.
Kf7 Rc8 68. g8=Q Rc7+ 69. Ke6 1-0

[Event "*** Titled Tuesday Blitz"]
[Site "Chess.com"]
[Date "2019.09.03"]
[Round "3"]
[White "MITerryble"]
[Black "Potosino1970"]
[Result "1/2-1/2"]
[WhiteElo "2835"]
[BlackElo "2580"]
[TimeControl "180+2"]
[EndTime "15:40:36 PDT"]
[Termination "Game drawn by agreement"]

1. d4 Nf6 2. Bg5 c6 3. Nc3 d5 4. Nf3 Bf5 5. e3 Nbd7 6. Bd3 e6 7. Bxf5 exf5 8. Qd3 g6 9. Ne5 Be7 10. Nxd7 Nxd7 11.
Bxe7 Qxe7 12. O-O O-O 13. Ne2 Rac8 14. c4 dxc4 15. Qxc4 c5 16. Rac1 b6 17. Qa6 Rc7 18. Nc3 Nb8 19. Qa4 Rd8 20. Nb5 Qd7 21. Qb3 Rb7 22. Rfd1 Qe8 23. Nc3 cxd4 24. Rxd4 Nc6 25.
Rxd8 Qxd8 26. Qd5 Qxd5 27. Nxd5 Ne5 28. h3 Kg7 29. Rc7 Rxc7 30. Nxc7 Nd3 31. b3 Nc1 32. Nb5 a6 33. Nc7 a5 34. a4 Nxb3 35. Nd5 Nc5 36. Nxb6 Kf6 37. Nc4 Nb3 38. Kf1 Ke6 39. Ke2 Kd5 40.
Nb6+ Kc5 41. Nd7+ Kb4 42. Kd3 Kxa4 43. Kc3 Ka3 44. Ne5 a4 45. Nxf7 Nc5 46. f3 Ka2 47. Kc2 a3 48. Ne5 Na6 49. Nc6 Ka1 50. e4 fxe4 51.
fxe4 Nc5 52. e5 Ne6 53. Nb4 h5 54. h4 Nc5 55. g3 a2 56. Kc1 Nb3+ 57. Kc2 Nd4+ 58.
Kc1 Ne2+ 59. Kc2 Nd4+ 60. Kd3 Nc6 61. Nxa2 Kxa2 62. Ke4 Kb3 63. Kd5 Ne7+ 64. Ke6 Nf5 65. Kf6 Nxg3 66. e6 Ne4+ 67. Kxg6 Kc4 68. e7 Nd6 69.
Kxh5 Kd5 70. Kg6 Ke6 71. h5 Kxe7 72. h6 Nf7 73. h7 Kf8 74. Kf6 Nh8 1/2-1/2

[Event "*** Titled Tuesday Blitz"]
[Site "Chess.com"]
[Date "2019.09.03"]
[Round "3"]
[White "area_5"]
[Black "TigranLPetrosyan"]
[Result "1/2-1/2"]
[WhiteElo "2712"]
[BlackElo "2920"]
[TimeControl "180+2"]
[EndTime "15:40:37 PDT"]
[Termination "Game drawn - insufficient material"]

1. e4 g6 2. d4 Bg7 3. Nc3 a6 4. a4 d6 5. Bc4 Nf6 6. Nf3 O-O 7. h3 c6 8. Bd3 Qc7 9. Bf4 Nbd7 10. Qd2 e5 11. Bh6 Re8 12. O-O b6 13. dxe5 dxe5 14. Bc4 Nc5 15. Rfe1 Be6 16. Bxe6 Nxe6 17. Bxg7 Kxg7 18.
Qe3 a5 19. Ne2 Nc5 20. Ng3 Rad8 21. Nf5+ Kh8 22. Qh6 Rg8 23. Ng5 Rdf8 24. Rad1 Ne6 25. Nxe6 fxe6 26. Ng3 Rd8 27. Qg5 Kg7 28. Qe3 Rxd1 29.
Rxd1 Rd8 30. Rd2 Kf7 31. Kh2 Ke7 32. Rxd8 Qxd8 33. c3 Nd7 34. b4 Kf7 35. bxa5 bxa5 36. Qd2 Qc7 37. Nf1 Nf6 38. Qe3 c5 39. Nd2 c4 40.
Nf3 Nd7 41. Qh6 Kg8 42. Qg5 Kf7 43. h4 Qc5 44. Kg1 Qe7 45. Qh6 Kg8 46. h5 Qf8 47. Qg5 Qf6 48. Qxf6 Nxf6 49. hxg6 hxg6 50. Nxe5 Nxe4 51.
Nxc4 Nxc3 52. Nxa5 Nxa4 53. Nc6 Kf7 54. Ne5+ Kf6 55.
Ng4+ Kf5 56. Ne3+ Kf4 57. Kf1 Nc3 58. Nc4 Ke4 59. Nd6+ Kd3 60. Nf7 Kd4 61. Nh8 g5 62.
Nf7 g4 63. g3 Ke4 64. Kg2 Nd5 65. Nd6+ Ke5 66. Nf7+ Kf6 67. Nd6 Ke5 68. Nf7+ Kf5 69.
Nd6+ Kg5 70. Ne4+ Kg6 71. Nd6 e5 72. Ne4 Kf5 73. Nd6+ Ke6 74. Ne4 Nf6 75. Nxf6 Kxf6 76. f3 Kf5 77. Kf2 gxf3 78. Kxf3 e4+ 79. Ke3 Kg4 80. Kxe4 Kxg3 1/2-1/2

[Event "*** Titled Tuesday Blitz"]
[Site "Chess.com"]
[Date "2019.09.03"]
[Round "3"]
[White "Chigorinetz"]
[Black "Gordima"]
[Result "0-1"]
[WhiteElo "2581"]
[BlackElo "2810"]
[TimeControl "180+2"]
[EndTime "15:40:38 PDT"]
[Termination "Gordima won by resignation"]

1. e4 c5 2. Nc3 Nc6 3. Nge2 Nf6 4. g3 e5 5. Bg2 Be7 6. O-O O-O 7. f4 exf4 8. gxf4 d6 9. d3 Rb8 10. a4 Bg4 11.
Be3 Qd7 12. Qd2 Bh3 13. Ng3 Rfe8 14. Rae1 Bf8 15. Kh1 a6 16. Bg1 b5 17. axb5 axb5 18.
Bxh3 Qxh3 19. Qg2 Qxg2+ 20. Kxg2 b4 21. Nce2 d5 22. e5 Nd7 23. Ra1 Ra8 24. Nf5 d4 25. b3 f6 26. e6 Rxa1 27. Rxa1 Rxe6 28. Neg3 g6 29. Nh4 f5 30. Nf3 Be7 31. h4 Nb6 32. Ra6 Nd5 33. Ng5 Nxf4+ 34. Kf3 Bxg5 35.
hxg5 Nh3 36. Bh2 Nxg5+ 37. Kf2 Nh3+ 38. Kf1 Kf7 39. Ne2 g5 40. Rb6 f4 41. Rb5 Re5 42. Rb6 Ne7 43. Rh6 g4 44. Rxh7+ Ke6 45. Rh4 Rg5 46.
Bxf4 Rf5 47. Rxg4 Nd5 48. Rg6+ Kf7 49. Rc6 Nhxf4 50. Ng3 Re5 51. Rxc5 Ne3+ 52. Kf2 Rxc5 53.
Kf3 Nfd5 54. Ne2 Rxc2 55. Nxd4 Rc3 56. Ke4 Rc1 57. Nf3 Ke7 58. Kd4 Rb1 59. Ne5 Rxb3 60. Nc6+ Kd6 61. Ne5 Rb1 62. Nf7+ Ke6 63. Ng5+ Kf5 64. Ne4 b3 65. Nd2 Rb2 66. Nc4 Rh2 67.
Nd6+ Ke6 68. Nc4 b2 69. Na3 Nc2+ 70. Nxc2 Rxc2 0-1

[Event "*** Titled Tuesday Blitz"]
[Site "Chess.com"]
[Date "2019.09.03"]
[Round "3"]
[White "Kimster98"]
[Black "laboratorio25"]
[Result "1/2-1/2"]
[WhiteElo "2619"]
[BlackElo "2404"]
[TimeControl "180+2"]
[EndTime "15:40:45 PDT"]
[Termination "Game drawn - insufficient material"]

1. Nf3 d5 2. d4 Nf6 3. c4 dxc4 4. e3 e6 5. Bxc4 a6 6. O-O b5 7. Bd3 Bb7 8. Qe2 c5 9. dxc5 Nc6 10. a3 Bxc5 11. b4 Bd6 12. Bb2 Qe7 13. Nbd2 O-O 14. Ne4 Nxe4 15. Bxe4 f5 16. Bc2 e5 17. e4 Nd4 18. Nxd4 exd4 19. Bxd4 fxe4 20. Qh5 Rac8 21. Bb3+ Kh8 22. Bd5 Bxh2+ 23. Kxh2 Qd6+ 24. Qe5 Qxe5+ 25. Bxe5 Bxd5 26. Bd4 Bc4 27. Rfe1 Bd3 28.
Rac1 Rc4 29. Rxc4 bxc4 30. Kg1 Rd8 31. Bc3 Rd5 32. a4 Kg8 33. Rc1 Kf7 34. Re1 Rf5 35. Re3 g6 36. f3 exf3 37. Rxf3 Rxf3 38. gxf3 Ke6 39. b5 axb5 40. axb5 Kd5 41. b6 Kc6 42. Bd4 h5 43. Kf2 h4 44. Bf6 h3 45. Bd4 Bf5 46.
Kg3 Bc8 47. f4 Kd5 48. Bc3 Ke4 49. Be5 Kd3 50. f5 gxf5 51. Kxh3 f4+ 52. Kg2 Ke3 53.
Kf1 f3 54. Bg3 c3 55. Bh4 c2 56. Bg5+ Kd3 57. Ke1 Ba6 58. Bc1 Kc3 59. Kf2 Bb7 60.
Ke3 Kb3 61. Kd3 Bc6 62. Be3 Bb5+ 63. Kd2 Ba6 64. Kc1 Kc3 65. Bf2 Kd3 66. Bg1 Bb7 67. Bc5 Kc4 68. Bf2 Kb3 69. Be3 Be4 70. Bf2 Kc3 71.
Be1+ Kd3 72. Bf2 Ke2 73. Bc5 Kd3 74. Bf2 Ke2 75. Bc5 f2 76. Bxf2 Kxf2 77. b7 Bxb7 78. Kxc2 1/2-1/2

[Event "*** Titled Tuesday Blitz"]
[Site "Chess.com"]
[Date "2019.09.03"]
[Round "3"]
[White "joshdaruca"]
[Black "rikyshi"]
[Result "1-0"]
[WhiteElo "2741"]
[BlackElo "2220"]
[TimeControl "180+2"]
[EndTime "15:40:59 PDT"]
[Termination "joshdaruca won by resignation"]

1. Nf3 d5 2. g3 Nc6 3. Bg2 e5 4. d3 f5 5. c4 dxc4 6. Qa4 Bd6 7. Qxc4 Qe7 8. Nc3 Be6 9. Qb5 O-O-O 10. Bg5 Nf6 11.
Rc1 h6 12. Bxf6 Qxf6 13. Nd2 Bd7 14. Nd5 Qf7 15. Nc4 Kb8 16. Nxd6 cxd6 17. Nb4 e4 18. dxe4 Nxb4 19. Qxb4 Bc8 20. exf5 d5 21. O-O Qxf5 22. Rfd1 Rhe8 23. Bf3 b6 24. a4 Bb7 25. a5 Re6 26.
Qc3 Qe5 27. Qxe5+ Rxe5 28. axb6 axb6 29. Rd4 Rc8 30. Rxc8+ Kxc8 31. Kf1 g5 32. h4 Kc7 33. hxg5 hxg5 34. Ke1 Kd6 35. Kd2 Kc5 36. Kc3 Rf5 37. b4+ Kd6 38. Rd2 g4 39. Bxg4 Rxf2 40. Bf3 Ke5 41.
Rd4 Rf1 42. Rh4 Rc1+ 43. Kd2 Rg1 44. Rh5+ Kd6 45. Rh6+ Ke5 46. Rxb6 Bc8 47. Rg6 Be6 48. Rg5+ Kd6 49. g4 Rb1 50. Kc3 Rc1+ 51. Kb2 Rc4 52. Kb3 Rc1 53. Rg6 Ke5 54. Rg5+ Kd6 55. Rh5 Rb1+ 56. Kc3 Rc1+ 57. Kb2 Rc4 58. Kb3 d4 59. Ka4 Rc3 60. Rh6 Ke5 61. Rh5+ Kd6 62. Kb5 Re3 63. Rh3 Ke5 64. Rh5+ Kd6 65. Rh1 Ke5 66. Rd1 Bd7+ 67. Kb6 Be6 68. b5 Rb3 69. Bc6 Bc4 70. Re1 Re3 71. Kc7 Bxe2 72. b6 Ba6 73. Rxe3+ dxe3 74. Bf3 Kf4 75. Bd1 Kg3 76. b7 Bxb7 77. Kxb7 Kf2 78. g5 Ke1 79. Bh5 Kd2 80. g6 1-0

[Event "*** Titled Tuesday Blitz"]
[Site "Chess.com"]
[Date "2019.09.03"]
[Round "3"]
[White "FearNoEvil12"]
[Black "TomPolgar"]
[Result "0-1"]
[WhiteElo "1983"]
[BlackElo "2315"]
[TimeControl "180+2"]
[EndTime "15:41:06 PDT"]
[Termination "TomPolgar won by checkmate"]

1. e4 c5 2. Nc3 Nc6 3. f4 g6 4.
Nf3 Bg7 5. Bc4 e6 6. f5 Nge7 7. fxg6 hxg6 8. d3 d5 9. Bb3 Nd4 10. O-O Qc7 11. g3 Nxb3 12. axb3 d4 13. Ne2 Nc6 14.
Ng5 f6 15. Nf3 e5 16. Nh4 Qf7 17. Bd2 Bg4 18. Qe1 O-O-O 19. Nc1 Kb8 20. c3 Bh6 21. Bxh6 Rxh6 22. b4 cxb4 23. cxb4 Ne7 24. b5 b6 25. Qb4 g5 26. Ng2 Bh3 27. Rf2 Nc8 28. Nb3 Qe6 29. Rc1 Rdh8 30. Ne1 Qd7 31. Rc6 Be6 32. Nd2 Bg4 33. Nc2 Qh7 34. Nf1 Bh3 35. Rxc8+ Rxc8 36. Qd6+ Qc7 37. Qxc7+ Rxc7 38.
Nb4 Bxf1 39. Na6+ Kb7 40. Kxf1 Rc1+ 41. Kg2 Rg6 42. g4 Kc8 43. Nb4 Kc7 44. Nd5+ Kd6 45.
Nxf6 Ke6 46. Nd5 Rd1 47. Rc2 Rg8 48. Rc7 Kd6 49. Rxa7 Rxd3 50. Rc7 Ra8 51. Rc6+ Kd7 52. Nxb6+ Kd8 53. Nxa8 Rb3 54. b6 Rxb2+ 55. Kg3 d3 56. Rd6+ Kc8 57. Rxd3 Kb7 58. Rd8 Ra2 59. Nc7 Kxb6 60.
Nd5+ Kc5 61. Ne3 Ra3 62. Kf3 Kc6 63. Rd5 Ra2 64. h3 Rh2 65. Kg3 Re2 66. Nf5 Rxe4 67. Rd6+ Kc5 68. Rg6 Ra4 69. Rxg5 Kd5 70. Ne3+ Ke4 71.
Ng2 Ra3+ 72. Kf2 Ra2+ 73. Kf1 Kf3 74. Ne1+ Kg3 75. Rxe5 Kxh3 76. g5 Kh4 77. g6 Ra6 78.
Nf3+ Kg3 79. Rg5+ Kxf3 80. g7 Ra1# 0-1

[Event "*** Titled Tuesday Blitz"]
[Site "Chess.com"]
[Date "2019.09.03"]
[Round "3"]
[White "SONOFHOLYGOD"]
[Black "Hrant_ChessMood"]
[Result "0-1"]
[WhiteElo "2586"]
[BlackElo "2870"]
[TimeControl "180+2"]
[EndTime "15:41:12 PDT"]
[Termination "Hrant_ChessMood won on time"]

1. d4 Nf6 2. c4 g6 3. Nc3 d5 4. e3 Bg7 5. Nf3 O-O 6. cxd5 Nxd5 7. Bc4 Nb6 8. Be2 c5 9. O-O cxd4 10. Nxd4 Bd7 11. Bf3 Nc6 12. Nxc6 Bxc6 13. Bxc6 bxc6 14. Qc2 c5 15. Bd2 c4 16. Rfd1 Qd3 17. Rac1 Rfd8 18.
h3 Qxc2 19. Rxc2 Bxc3 20. Rxc3 Na4 21. Rc2 Rab8 22. Rb1 Rdc8 23. Bc3 f6 24. Kf1 Rb7 25. Ke2 Kf7 26. f4 Nc5 27. Bd4 Ne4 28. b3 Nd6 29. Rbc1 Rc6 30. bxc4 Rb4 31. c5 Nf5 32. Rd1 Rb7 33. g4 Ng7 34. e4 Ne6 35. Be3 Rb4 36. Kf3 Ra4 37. f5 gxf5 38. gxf5 Nf8 39. Rd8 Ra3 40.
Kf2 Kg7 41. Kf3 Kf7 42. h4 h5 43. Kf4 e5+ 44. Kf3 Ke7 45. Rd5 Nd7 46. Rf2 Rxc5 47. Rfd2 Rxd5 48. exd5 Kd6 49. Ke2 Nb6 50. Bxb6 axb6 51.
Rb2 Ra6 52. Ke3 Kxd5 53. Rd2+ Kc5 54. Ke4 Ra4+ 55. Ke3 Rf4 56. Rc2+ Kb5 57. Rb2+ Ka5 58. Rb3 Rxf5 59. Ke4 Rf4+ 60. Kd5 Rxh4 61. Kc6 Rc4+ 62. Kd5 b5 63. Rh3 Rd4+ 64. Ke6 Rf4 65. Rxh5 Ka4 66. Rh3 b4 67. Kd5 Rf2 68. Rh8 Rxa2 69. Ke4 Rd2 70.
Ke3 Rd6 71. Rh1 b3 0-1

[Event "*** Titled Tuesday Blitz"]
[Site "Chess.com"]
[Date "2019.09.03"]
[Round "3"]
[White "M1711"]
[Black "r31415"]
[Result "1/2-1/2"]
[WhiteElo "2562"]
[BlackElo "2364"]
[TimeControl "180+2"]
[EndTime "15:41:13 PDT"]
[Termination "Game drawn by agreement"]

1. d4 d6 2. e4 Nf6 3. Nc3 g6 4. f4 Bg7 5. Nf3 O-O 6. e5 dxe5 7. fxe5 Nd5 8. Bc4 Nxc3 9. bxc3 c5 10. Be3 Nc6 11. O-O Bg4 12. Be2 Qa5 13. Qe1 Rad8 14. Bd2 Qa4 15. Bd3 cxd4 16. c4 Bxf3 17. gxf3 Nxe5 18. f4 Nxc4 19. Rb1 Nxd2 20. Qxd2 b6 21. Rfe1 e6 22. Bb5 Qa3 23. Rb3 Qd6 24. a4 Bh6 25.
Rf1 e5 26. fxe5 Bxd2 27. exd6 Rxd6 28. Bc4 Rc6 29. Bd3 Re8 30. Bb5 Rec8 31. Bxc6 Rxc6 32.
Rb2 f5 33. Kg2 Kg7 34. Rd1 Be3 35. a5 g5 36. axb6 axb6 37. Ra1 Kg6 38. Ra6 Kh5 39. Raxb6 Rxb6 40. Rxb6 d3 41. Rc6 dxc2 42. Rxc2 g4 43.
Rc7 h6 44. Rg7 Bd4 45. Rg8 f4 46. h3 f3+ 47. Kg3 Be5+ 48. Kf2 gxh3 49. Kxf3 h2 50. Kg2 Kh4 51. Re8 Bf4 52. Rg8 Be5 53. Rg6 Bf4 54.
Ra6 Kg4 55. Rg6+ Kh4 56. Rg7 Be5 57. Rf7 Kg5 58. Rf1 Kg4 59. Re1 Bf4 60. Re6 h5 61.
Rg6+ Kf5 62. Rg8 h4 63. Rh8 Kg4 64. Ra8 Bg3 65. Ra4+ Kf5 66. Ra1 Ke4 67. Ra4+ Ke3 68. Kh1 Kf2 69. Rg4 Kf3 70. Rg8 Ke2 71. Kg2 Kd2 72.
Re8 Kd3 73. Re7 Kd2 74. Re6 Kd3 75. Ra6 Kc4 76. Rd6 Kc5 77. Rc6+ Kxc6 78. Kh1 Kd5 79. Kg2 Ke4 80. Kh1 Kd5 81. Kg2 Kc6 82. Kh1 Kb7 83. Kg2 Ka8 84. Kh1 1/2-1/2

[Event "*** Titled Tuesday Blitz"]
[Site "Chess.com"]
[Date "2019.09.03"]
[Round "3"]
[White "Alexander_Moskalenko"]
[Black "beatles_22"]
[Result "1/2-1/2"]
[WhiteElo "2835"]
[BlackElo "2676"]
[TimeControl "180+2"]
[EndTime "15:41:14 PDT"]
[Termination "Game drawn by agreement"]

1. c4 Nf6 2. Nc3 g6 3. d4 Bg7 4.
g3 O-O 5. Bg2 Nc6 6. Nf3 d5 7.
cxd5 Nxd5 8. O-O e5 9. Bg5 f6 10. Bd2 Nxc3 11. Bxc3 e4 12. Nd2 f5 13. Qb3+ Kh8 14.
e3 Ne7 15. Rae1 Qd5 16. f3 exf3 17. Bxf3 Qxb3 18. Nxb3 c6 19. Bb4 Re8 20. e4 Be6 21. e5 Nd5 22. Bd6 b6 23. Rc1 Rac8 24. Rfe1 Kg8 25.
Kf2 Bh6 26. Rc2 Red8 27. Nd2 Rxd6 28. exd6 Nb4 29. Rxe6 Nxc2 30. d7 Rf8 31. Re8 Bg5 32.
Nb3 Kf7 33. Bxc6 Nb4 34. d5 Bd8 35. Ke3 Nxc6 36. Rxf8+ Kxf8 37. dxc6 Ke7 38. Nd4 Kd6 39. b4 a6 40. a4 b5 41. axb5 axb5 42. Kd3 Bb6 43.
Kc3 Bd8 44. Kd2 Bb6 45. Ke2 Bd8 46. Kf3 Bb6 47. Kf4 Bd8 48. g4 fxg4 49. Kxg4 Kd5 50. c7 Bxc7 51. Nxb5 Bd8 52. Nc3+ Kc6 53. Ne4 Kxd7 54.
Ng5 h5+ 55. Kf4 Bc7+ 56. Ke4 Bxh2 57. Nf3 Bg3 58. Ng5 Kc6 59. Ne6 h4 60. Kf3 Be5 61. Kg4 Bf6 62. Nf4 g5 63. Nh3 Kb5 64. Kf3 Kxb4 65.
Nxg5 Bxg5 66. Kg2 Kc3 67. Kh1 Kd3 68. Kg1 Ke4 69. Kh1 Kf4 70. Kg1 Kg3 71. Kh1 h3 72. Kg1 Be3+ 73. Kh1 Kh4 74. Kh2 Bd4 75. Kh1 Be5 76.
Kg1 Bg3 77. Kh1 1/2-1/2

[Event "*** Titled Tuesday Blitz"]
[Site "Chess.com"]
[Date "2019.09.03"]
[Round "3"]
[White "MartinMatthiesen"]
[Black "DeviatkinAndrey"]
[Result "1/2-1/2"]
[WhiteElo "2448"]
[BlackElo "2681"]
[TimeControl "180+2"]
[EndTime "15:41:38 PDT"]
[Termination "Game drawn by agreement"]

1. d4 a5 2. e4 b6 3. Nf3 Ba6 4. c4 g6 5. Nc3 Bg7 6. Bf4 d6 7. Be2 Nd7 8. O-O e5 9. Bg5 Ngf6 10.
Qc2 h6 11. Bh4 O-O 12. Rad1 Qe8 13. Rfe1 Rc8 14. Bf1 Nh5 15. b3 g5 16. Bg3 Nf4 17.
dxe5 dxe5 18. Nd5 Nc5 19. Ne3 Nce6 20. Nf5 f6 21. a3 Rd8 22. b4 axb4 23. axb4 c5 24.
b5 Bb7 25. Rxd8 Qxd8 26. Ra1 Qc7 27. Rd1 Rd8 28. Rxd8+ Qxd8 29. Ne3 Nd4 30. Qd1 Bxe4 31. Nd2 Bg6 32. Bxf4 exf4 33. Nd5 Bf7 34. Nb3 f5 35. Nxd4 Bxd4 36. Qe1 Kf8 37. Qb1 Bxd5 38. cxd5 Qxd5 39. Bd3 f3 40. Bxf5 fxg2 41. Qe4 Qa2 42. Qf3 Kg7 43. Kxg2 Qf7 44. Qe4 Qf6 45. f3 Qe5 46. Qxe5+ Bxe5 47. Bd3 Kf6 48. h3 Bc3 49. Kf2 Bd4+ 50. Ke2 Ke5 51. Bc4 Kf4 52. Bd5 Bg1 53. Be6 Ke5 54. Bd7 Kd4 55. Kd2 c4 56. Kc2 Kc5 57. Be8 Bd4 58. Bd7 Be5 59. Be8 Kd4 60. Bd7 c3 61. Bg4 Bf4 62. Bh5 Bd2 63. Bg4 Kc4 64. Bd7 Kd5 65. Be8 Kd4 66. Bh5 Ke3 67. Bg4 Kf4 68. Bh5 Kg3 69. Bg4 Be1 70. Kd3 Kh4 71. Bd7 Bd2 72. Be6 Kg3 73. Bg4 Kf4 74.
Bh5 Ke5 75. Be8 Kd5 76. Bd7 Kc5 77. Kc2 Kd4 78. Be8 Ke5 79. Bh5 Kd4 80. Be8 Ke3 81. Bh5 Kf2 82. Bg4 Kg3 83. Kd3 Kh4 84. Bf5 h5 85. Bg6 Be1 86. Kc2 Bd2 87. Kd3 1/2-1/2

[Event "*** Titled Tuesday Blitz"]
[Site "Chess.com"]
[Date "2019.09.03"]
[Round "3"]
[White "VladDobrov"]
[Black "DrMelekess"]
[Result "1/2-1/2"]
[WhiteElo "2877"]
[BlackElo "2700"]
[TimeControl "180+2"]
[EndTime "15:41:52 PDT"]
[Termination "Game drawn by agreement"]

1. d4 Nc6 2. Nf3 d6 3. e4 Nf6 4. Nc3 Bg4 5. d5 Nb8 6. Be2 Bxf3 7. Bxf3 g6 8. Bf4 Nbd7 9. Qd2 c5 10. O-O Bg7 11.
a4 O-O 12. a5 Rc8 13. h3 Re8 14.
Be2 a6 15. Bh2 c4 16. Ra4 b5 17. axb6 Qxb6 18. Rb1 Rc7 19. Rxc4 Rxc4 20. Bxc4 Nc5 21. Qe2 Nfd7 22. Nd1 Ne5 23. Bxe5 Bxe5 24. b4 a5 25. c3 Rc8 26. g3 Na4 27. Rb3 axb4 28. cxb4 Qd4 29.
Bb5 Nb6 30. Qd3 Qa1 31. Rb1 Qa2 32. Bc6 Kg7 33. Kf1 h5 34. Rc1 Rb8 35. Qc2 Qa3 36. b5 Na4 37. Ne3 Bd4 38. Nc4 Qb4 39.
Rb1 Qc3 40. Qxa4 Qd3+ 41. Kg2 Qxb1 42. Nd2 Qd3 43. Nf3 Bc5 44. Qa1+ Kg8 45. e5 Qe2 46.
Qf1 Qxf1+ 47. Kxf1 Kg7 48. h4 Rc8 49. Ke2 Rc7 50.
exd6 exd6 51. Nd2 Ra7 52. Nc4 Ra2+ 53. Kd3 Rxf2 54. b6 Rf3+ 55. Ke4 Rxg3 56. b7 Rg4+ 57. Kd3 Ba7 58. Nxd6 Rxh4 59. Nb5 Bb8 60. d6 Kf6 61.
Nc7 Rh1 62. d7 Ke7 63. Na6 Bd6 64. b8=Q Rh3+ 65. Ke4 Bxb8 66. Nxb8 Rh4+ 67. Kd5 Rb4 68. Na6 Rb1 69. Nc5 Rd1+ 70. Ke4 h4 71. Kf3 h3 72.
Kg3 f5 73. Kxh3 Rd6 74. Ba4 Rd5 75. Nb7 Rxd7 76. Bxd7 Kxd7 77. Nc5+ Ke7 78. Nd3 Kf6 79. Kg3 g5 1/2-1/2

[Event "*** Titled Tuesday Blitz"]
[Site "Chess.com"]
[Date "2019.09.03"]
[Round "3"]
[White "x-6099009240"]
[Black "valeriocarnicelli"]
[Result "1/2-1/2"]
[WhiteElo "2344"]
[BlackElo "2581"]
[TimeControl "180+2"]
[EndTime "15:42:44 PDT"]
[Termination "Game drawn - insufficient material"]

1. e4 e5 2. f4 d5 3. exd5 e4 4. d3 Nf6 5. dxe4 Nxe4 6. Nf3 Bc5 7. Qe2 f5 8. Be3 Qxd5 9. Nfd2 Bxe3 10. Qxe3 Be6 11. Bc4 Qc5 12. Qxc5 Nxc5 13. Nc3 O-O 14. O-O-O Nc6 15. Rhe1 Rfe8 16. Bxe6+ Rxe6 17. Nc4 Rae8 18. Rxe6 Nxe6 19. g3 Rd8 20. Nd5 Kf7 21. c3 Ncd4 22. Nde3 Nf3 23. Rxd8 Nxd8 24. Nxf5 Nxh2 25. Ne5+ Kf6 26.
Ne3 Nf7 27. Nd5+ Ke6 28. Nxc7+ Kf6 29. Ne8+ Ke7 30. Nxg7 Nxe5 31. fxe5 Nf3 32. Nf5+ Kd7 33. Ne3 Nxe5 34. Kd2 Ke6 35. c4 Nc6 36. Kc3 Ke5 37. b4 Ke4 38. Nd5 Kf3 39. Nf6 h6 40. Ng8 h5 41.
Nf6 Kxg3 42. Nxh5+ Kf3 43. b5 Ne7 44. Kd4 b6 45. Nf6 Ke2 46. Nd5 Nc8 47. Kc3 Nd6 48. Ne7 Ke3 49. a4 Ke4 50. Nc6 Nc8 51. a5 bxa5 52.
Nxa5 Ke5 53. Nc6+ Kd6 54. Kb4 Kc7 55. Na5 Ne7 56. Nb3 Kb6 57. c5+ Kc7 58. Kc4 Nf5 59. Nd4 Ne3+ 60. Kb4 Nd5+ 61. Kc4 Ne3+ 62. Kb3 Kb7 63.
Kb4 Nd5+ 64. Ka5 Ne3 65. c6+ Kb8 66. Kb4 Kc7 67. Kc5 Ng4 68. Ne6+ Kc8 69. Kd6 Ne3 70. Nd4 Nc4+ 71. Kc5 Ne5 72. Nb3 Kc7 73. Nd2 Nd3+ 74. Kc4 Ne5+ 75. Kb4 Nd3+ 76. Kc4 Ne5+ 77. Kd5 Nd3 78.
Ne4 Nb4+ 79. Kc4 Nc2 80. Nc3 Ne3+ 81. Kc5 Nf5 82. Nd5+ Kc8 83. Nb4 Kc7 84. Nd3 Ne3 85. Nf4 Nc2 86. Ne6+ Kc8 87. Kd6 Na3 88. Nd4 Nc4+ 89.
Kc5 Nb6 90. Kb4 Kc7 91. Ka5 Nd5 92. Ka6 Kb8 93. Ne6 Nb4+ 94. Ka5 Nd5 95. Nc5 Nc7 96. Nd7+ Kc8 97. Ne5 Kb8 98. Nc4 Kc8 99. Nd6+ Kb8 100. Nf7 Nd5 101. Ne5 Nc7 102. Kb4 Ne6 103. Ka4 Kc7 104. Ka5 Nc5 105. Nc4 Nb3+ 106. Ka6 Nd4 107. Ne3 Nxc6 108. Nd5+ Kd6 109. bxc6 Kxc6 110. Kxa7 1/2-1/2

[Event "*** Titled Tuesday Blitz"]
[Site "Chess.com"]
[Date "2019.09.03"]
[Round "3"]
[White "TheBigBoss04"]
[Black "oskariot"]
[Result "0-1"]
[WhiteElo "2535"]
[BlackElo "2756"]
[TimeControl "180+2"]
[EndTime "15:43:31 PDT"]
[Termination "oskariot won by resignation"]

1. Nf3 g6 2. g3 Bg7 3. Bg2 c5 4. O-O Nc6 5. e4 e6 6. d3 Nge7 7. c3 d5 8. Re1 b6 9. exd5 Nxd5 10. Nbd2 Bb7 11. Ne4 h6 12. Qc2 O-O 13. a3 f5 14.
Ned2 e5 15. Nc4 Qc7 16. Ne3 Nxe3 17. Bxe3 Rad8 18. Rad1 Kh7 19. Bc1 Rfe8 20. h4 Kh8 21. b3 Qf7 22. Bb2 Na5 23. b4 Qb3 24. Qc1 cxb4 25.
cxb4 Nc6 26. Nxe5 Nxe5 27. Bxe5 Rxe5 28. Rxe5 Bxe5 29. Qxh6+ Kg8 30. Qxg6+ Bg7 31. Re1 Bxg2 32. Re7 Qb2 33. Qf7+ Kh8 34. Qh5+ Kg8 35. Kxg2 Qf6 36. Rxa7 f4 37. Qg4 fxg3 38. fxg3 Rf8 39. Qe2 Qc6+ 40.
Kh2 Qd5 41. Re7 Bd4 42. Qg4+ Kh8 43. Qe4 Qxe4 44. Rxe4 Bb2 45. a4 Ra8 46. b5 Rd8 47. Re6 Bd4 48. Kh3 Bc5 49. Rc6 Rxd3 50. a5 Bd6 51.
Kg4 bxa5 52. b6 Bxg3 53. b7 Rb3 54. h5 Kh7 55. Kg5 Rb5+ 56. Kg4 Rb3 57. Ra6 Bc7 58.
Ra7 Rb4+ 59. Kf5 Rb5+ 60. Ke6 Bb8 61. Ra6 Rxb7 62. Rxa5 Rb6+ 63. Kd7 Bf4 64. Rf5 Bc1 65. Rd5 Rb2 66. Ke6 Rf2 67. Rf5 Re2+ 68. Kd5 Bb2 69. Kc4 Kh6 70. Kd3 Rg2 71. Ke3 Bc1+ 72. Kf3 Rg8 73.
Rc5 Bg5 74. Rd5 Kxh5 75. Rd3 Re8 76. Rb3 Kg6 77. Rb5 Re3+ 78. Kg4 Re4+ 79. Kf3 Ra4 80. Rb6+ Bf6 81. Rb5 Kf7 82. Rb6 Ke7 83. Rb7+ Ke6 84.
Rb6+ Kf5 85. Rb3 Be5 86. Rd3 Rh4 87. Ke2 Ke4 88. Re3+ Kd4 89. Rf3 Rh2+ 90. Rf2 Rh1 91. Rf1 Rh8 92. Rd1+ Ke4 93. Rf1 Ra8 94. Rd1 Bf4 95.
Rd8 Ra2+ 96. Kd1 Be3 97. Rd7 Bd4 98. Ke1 Kd3 99. Kf1 Rf2+ 100. Ke1 Rg2 101. Rf7 Be3 102. Rd7+ Ke4 103. Kd1 Ra2 104. Re7+ Kd3 105. Rd7+ Bd4 106. Rc7 Rh2 107. Re7 Rg2 108. Re8 Rb2 109. Rc8 Bb6 110. Rd8+ Bxd8 0-1